 Dungeon Crawl Stone Soup version 0.21-a0-404-g291f19a (webtiles) character file.

3633 tof the Protected (level 9, -2/79 HPs)
             Began as a Minotaur Berserker on Oct 28, 2017.
             Was a High Priest of Trog.
             Slain by a two-headed ogre
             ... wielding a +0 giant club
              (10 damage)
             ... on level 8 of the Dungeon.
             The game lasted 00:15:31 (8360 turns).

tof the Protected (Minotaur Berserker)              Turns: 8360, Time: 00:15:32

Health: -2/79      AC: 15    Str: 23    XL:     9   Next: 87%
Magic:  8/8        EV:  9    Int:  4    God:    Trog [*****.]
Gold:   327        SH:  0    Dex:  9    Spells: 8/8 levels left

rFire    + . .     SeeInvis .   n - +0 war axe
rCold    + . .     Gourm    .   (no shield)
rNeg     + . .     Faith    .   B - +0 plate armour
rPois    +         Spirit   .   b - -2 hat of the Alchemist {rElec rPois rF+ rC+ rN+ MR+ rMut rCorr}
rElec    +         Reflect  .   r - +0 cloak
rCorr    +         Harm     .   G - +0 pair of gloves
rMut     +                      (no boots)
MR       +....                  (no amulet)
Stlth    ..........             s - ring of resist corrosion
HPRegen  0.23/turn              y - -3 ring of dexterity (curse)
MPRegen  0.11/turn

@: no status effects
A: retaliatory headbutt, horns 2, clumsy 1, strong 1
a: Berserk, Trog's Hand, Brothers in Arms, Burn Spellbooks, Renounce Religion


You were on level 8 of the Dungeon.
You worshipped Trog.
Trog was extremely pleased with you.
You were not hungry.

You visited 1 branch of the dungeon, and saw 8 of its levels.
You also visited: Sewer.

You collected 327 gold pieces.

Inventory:

Hand Weapons
 n - a +0 war axe (weapon)
Missiles
 o - 6 needles of frenzy
 v - 24 tomahawks (quivered)
Armour
 b - the -2 hat of the Alchemist (worn) {rElec rPois rF+ rC+ rN+ MR+ rMut rCorr}
   (You found it on level 7 of the Dungeon)

   It protects you from fire.
   It protects you from cold.
   It insulates you from electricity.
   It protects you from poison.
   It protects you from negative energy.
   It affects your resistance to hostile enchantments.
   It protects you from acid and corrosion.
   It protects you from mutation.
 j - a +0 chain mail
 r - a +0 cloak (worn)
 B - a +0 plate armour (worn)
 G - a +0 pair of gloves (worn)
Jewellery
 s - a ring of resist corrosion (left hand)
 u - a +5 ring of intelligence
 y - a cursed -3 ring of dexterity (right hand)
Scrolls
 a - 3 scrolls of identify
 e - 2 scrolls of blinking
 f - 2 scrolls of remove curse
 g - 5 scrolls of teleportation
 t - 3 scrolls of fog
 D - 4 scrolls of recharging {unknown}
 E - 4 scrolls of magic mapping {unknown}
 I - 2 scrolls of amnesia {unknown}
Potions
 i - 5 potions of haste {unknown}
 k - 5 potions of might {unknown}
 l - 5 potions of heal wounds {unknown}
 m - a potion of flight {unknown}
 p - a potion of ambrosia {unknown}
 A - 4 potions of curing {unknown}
 C - 2 potions of magic {unknown}
 F - 2 potions of brilliance {unknown}
 H - a potion of degeneration {unknown}
Books
 d - a book of Air

   Spells                             Type                      Level
   a - Shock                          Conjuration/Air              1
   b - Swiftness                      Charms/Air                   2
   c - Static Discharge               Conjuration/Air              3
   d - Airstrike                      Air                          4
   e - Lightning Bolt                 Conjuration/Air              5
   Trog disapproves of the use of such an item.
 q - a book of Cantrips

   Spells                             Type                      Level
   a - Confusing Touch                Hexes                        1
   b - Animate Skeleton               Necromancy                   1
   c - Summon Small Mammal            Summoning                    1
   d - Apportation                    Translocation                1
   Trog disapproves of the use of such an item.
 w - a book of Callings

   Spells                             Type                      Level
   a - Summon Small Mammal            Summoning                    1
   b - Call Imp                       Summoning                    2
   c - Call Canine Familiar           Summoning                    3
   d - Summon Guardian Golem          Hexes/Summoning              3
   e - Summon Lightning Spire         Summoning/Air                4
   f - Summon Ice Beast               Ice/Summoning                4
   Trog disapproves of the use of such an item.
Comestibles
 c - 4 bread rations
 h - 4 meat rations
 x - 2 royal jellies
 z - 12 fruits
 J - a chunk of flesh


   Skills:
 + Level 7.4 Fighting
 * Level 6.0 Axes
   Level 7.7 Staves
 + Level 4.6 Throwing
 * Level 9.5 Armour
 + Level 6.3 Dodging


You had 8 spell levels left.
You didn't know any spells.

Dungeon Overview and Level Annotations

Branches:
Dungeon (8/15)             Temple (0/1) D:7
   Lair: D:8-11

Altars:
Fedhas
Gozag
Makhleb
Ru
Sif Muna
Trog
Wu Jian
Yredelemnul

Shops:
D:7 :(}


Innate Abilities, Weirdness & Mutations

You reflexively headbutt those who attack you in melee.
You have a pair of horns on your head.
You are clumsy. (Dex -2)
Your muscles are strong. (Str +2)


Message History

The two-headed ogre closely misses you.
You barely miss the two-headed ogre.
Your headbutt misses the two-headed ogre.
The two-headed ogre is almost dead.
The two-headed ogre hits you with a giant club.
The two-headed ogre hits you with a giant club!!
You barely miss the two-headed ogre.
The two-headed ogre is almost dead.
The two-headed ogre hits you with a giant club!!
* * * LOW HITPOINT WARNING * * *
The two-headed ogre hits you with a giant club.
* * * LOW HITPOINT WARNING * * *
You hit the two-headed ogre but do no damage.
You headbutt the two-headed ogre.
The two-headed ogre is almost dead.
You hear the creaking of a distant portcullis.
The two-headed ogre misses you. You furiously retaliate!
You headbutt the two-headed ogre, but do no damage.
The two-headed ogre hits you with a giant club!
You die...

#### ..# # #..
.# #.###(#####
#...O.....#
########## #..@#
........[# #.#.#
########.###.#.#
#.......#
#####.#.# #.#.#
#.#.# #...#
###.#####.#


You could see a two-headed ogre.

Vanquished Creatures
  A two-headed ogre (D:8)
  The ghost of kkknotok the Insei, a novice OpTm of Cheibriados (D:4)
  A wyvern (D:6)
  A wyvern (shapeshifter) (D:6)
  A sky beast (D:5)
  2 ice beasts
  2 phantoms
  An ogre (D:6)
  2 centaurs
  A big kobold (D:7)
  5 bullfrogs
  A scorpion (D:6)
  A howler monkey (D:3)
  4 wights (D:6)
  A crimson imp (D:5)
  A hound (D:4)
  2 jellies
  4 orc priests
  Crazy Yiuf (D:2)
  2 centaur skeletons
  3 iron imps (D:3)
  2 orc wizards (D:6)
  3 iguanas
  5 worker ants
  A hound skeleton (D:4)
  A worker ant zombie (D:7)
  Robin (D:3)
  4 gnolls (D:3)
  17 adders
  4 river rats (Sewer)
  2 shadow imps (D:5)
  3 oozes
  3 adder skeletons
  3 worms (D:2)
  3 dart slugs
  9 leopard geckos
  13 orcs
  6 giant cockroaches
  15 goblins
  9 hobgoblins
  11 jackals
  5 quokkas
  13 ball pythons
  4 bats
  11 frilled lizards
  12 kobolds
  2 leopard gecko skeletons
  3 quokka skeletons
  27 rats
230 creatures vanquished.

Notes
Turn   | Place    | Note
-------+----------+-------------------------------------------
     0 | D:1      | tof the Minotaur Berserker began the quest for the Orb.
     0 | D:1      | Reached XP level 1. HP: 19/19 MP: 0/0
   482 | D:1      | Reached XP level 2. HP: 25/27 MP: 1/1
   711 | D:1      | Reached skill level 3 in Armour
  1337 | D:2      | Reached ** piety under Trog
  1337 | D:2      | Reached XP level 3. HP: 33/33 MP: 2/2
  1804 | D:2      | Found an opulent altar of Gozag.
  1828 | D:2      | Reached XP level 4. HP: 40/40 MP: 3/3
  1846 | D:2      | Found a runed door.
  1977 | D:2      | Noticed Crazy Yiuf
  1986 | D:2      | Killed Crazy Yiuf
  2361 | D:3      | Found a burning altar of Makhleb.
  2380 | D:3      | Reached skill level 1 in Staves
  2380 | D:3      | Reached skill level 4 in Armour
  2391 | D:3      | Reached XP level 5. HP: 20/47 MP: 4/4
  2745 | D:3      | Reached XP level 6. HP: 46/53 MP: 5/5
  2915 | D:3      | Noticed Robin
  2939 | D:3      | Reached *** piety under Trog
  2946 | D:3      | Killed Robin
  3328 | D:3      | Found a bloodstained altar of Trog.
  3727 | D:4      | Noticed kkknotok's ghost (novice OpTm)
  3833 | D:4      | Killed kkknotok's ghost
  3833 | D:4      | Reached skill level 5 in Fighting
  3833 | D:4      | Reached skill level 1 in Throwing
  3833 | D:4      | Reached skill level 5 in Armour
  3833 | D:4      | Reached XP level 7. HP: 40/61 MP: 6/6
  3951 | D:4      | Found a glowing drain.
  3961 | Sewer    | Entered a sewer
  4312 | Sewer    | Reached **** piety under Trog
  4536 | Sewer    | Reached skill level 6 in Armour
  4949 | D:4      | Reached skill level 5 in Staves
  5135 | D:4      | Reached XP level 8. HP: 69/69 MP: 7/7
  5600 | D:5      | Entered Level 5 of the Dungeon
  5612 | D:5      | Found a blossoming altar of Fedhas.
  5614 | D:5      | Found a basalt altar of Yredelemnul.
  5751 | D:5      | Reached ***** piety under Trog
  5833 | D:5      | Found an ornate altar of the Wu Jian Council.
  5871 | D:5      | Reached skill level 7 in Armour
  6211 | D:6      | Found a deep blue altar of Sif Muna.
  6248 | D:6      | Reached skill level 5 in Dodging
  6397 | D:6      | Gained mutation: Your muscles are strong. (Str +2) [mutagenic meat]
  6398 | D:6      | Gained mutation: You are clumsy. (Dex -2) [mutagenic meat]
  6709 | D:6      | Reached skill level 8 in Armour
  6709 | D:6      | Reached XP level 9. HP: 57/78 MP: 8/8
  6857 | D:6      | Found a sacrificial altar of Ru.
  7311 | D:7      | Found the -2 hat of the Alchemist {rElec rPois rF+ rC+ rN+ MR+ rMut rCorr}
  7747 | D:7      | Found Haosaimy's Book Emporium.
  7796 | D:7      | Found Focots's Gadget Shop.
  7797 | D:7      | Found Nedatael's Antique Weapon Shoppe.
  7901 | D:7      | Found a staircase to the Ecumenical Temple.
  8021 | D:8      | Reached skill level 5 in Axes
  8045 | D:8      | Noticed a two-headed ogre
  8053 | D:8      | Killed a two-headed ogre
  8053 | D:8      | Reached skill level 9 in Armour
  8319 | D:8      | Received a gift from Trog
  8351 | D:8      | Noticed a two-headed ogre
  8360 | D:8      | Slain by a two-headed ogre

Vault maps used:
D:1:      kennysheep_arrival_seaside
D:2:      nicolae_gozag_cash_rules_everything_around_me, first_bread,
          st_stairs_3, uniq_crazy_yiuf_cottage
D:3:      minmay_diamond_boxcup, lemuel_doored_altar, demons_altar, uniq_robin
D:4:      portal_sewer_entry_f
D:5:      kennysheep_mini_moat, grunt_temple_overflow_open
D:6:      led_sif_pool, hangedman_ru_absence, grunt_ministairs_8
D:7:      minmay_temple_entry_junction, serial_shops, shop, shop, shop
D:8:      vehumet_statue, enter_bailey_2, uniq_maurice, uniq_joseph, uniq_grum,
          uniq_pikel
Sewer:    sewer_minmay_w

Skill      XL: |  1  2  3  4  5  6  7  8  9 |
---------------+----------------------------+-----
Axes           | 4 6 |  6.0
Armour         | 3 4 5 6 8 9 |  9.5
Fighting       | 4 5 6 7 |  7.4
Dodging        | 3 4 5 6 |  6.3
Staves         | 1 2 3 5 6 7 |  7.7
Throwing       | 1 2 3 4 |  4.6

Action                   |  1- 3 |  4- 6 |  7- 9 || total
-------------------------+-------+-------+-------++-------
Melee: Hand axe          |    94 |     9 |       ||   103
       Headbutt          |    11 |    19 |    54 ||    84
       Quarterstaff      |       |    80 |   291 ||   371
       War axe           |       |       |    53 ||    53
Throw: Tomahawk          |       |       |     4 ||     4
  Use: Scroll            |       |       |     6 ||     6
 Stab: Sleeping          |     1 |       |       ||     1
       Paralysed         |       |     2 |     1 ||     3
  Eat: Chunk             |     2 |     7 |    17 ||    26
Armor: Animal skin       |     8 |       |       ||     8
       Chain mail        |    25 |    47 |   139 ||   211
       Plate armour      |       |       |    89 ||    89
Dodge: Dodged            |    57 |    58 |   205 ||   320

Table legend:
 A = Spawn XP
 B = Non-spawn XP
 C = Spawn XP percentage of total XP
 D = Spawn monster count
 E = Non-spawn monster count
 F = Spawn count percentage of total count
 G = Total turns spent on level
                    A         B        C        D         E        F      G
               +---------+---------+-------+---------+---------+-------+---------
         Total |       0 |    5190 |   0.0 |       0 |     230 |   0.0 |  8360
               +---------+---------+-------+---------+---------+-------+---------
           D:1 |       0 |      35 |   0.0 |       0 |      20 |   0.0 |  1305
           D:2 |       0 |     106 |   0.0 |       0 |      25 |   0.0 |   968
           D:3 |       0 |     292 |   0.0 |       0 |      35 |   0.0 |  1326
           D:4 |       0 |     870 |   0.0 |       0 |      31 |   0.0 |  1259
           D:5 |       0 |     376 |   0.0 |       0 |      15 |   0.0 |   553
           D:6 |       0 |    1254 |   0.0 |       0 |      25 |   0.0 |  1249
           D:7 |       0 |     685 |   0.0 |       0 |      22 |   0.0 |   610
           D:8 |       0 |    1220 |   0.0 |       0 |       9 |   0.0 |   348
         Sewer |       0 |     352 |   0.0 |       0 |      48 |   0.0 |   742
               +---------+---------+-------+---------+---------+-------+---------
